 Dungeon Crawl Stone Soup version 0.22.0-27-ga576289 (webtiles) character file.

196 iamserjio the Ruffian (level 5, 0/75 HPs)
             Began as a Troll Fighter on Aug 22, 2018.
             Slain by a gnoll
             ... wielding a +0 spear
              (4 damage)
             ... on level 3 of the Dungeon.
             The game lasted 00:02:43 (306 turns).

iamserjio the Ruffian (Troll Fighter)                Turns: 306, Time: 00:02:44

Health: 0/75       AC: 22    Str: 22 (24) XL:     5   Next: 45%
Magic:  4/4        EV:  1    Int:  4 (5)  God:
Gold:   10         SH:  8    Dex:  7 (9)  Spells: 4/4 levels left

rFire    . . .     SeeInvis .     - Unarmed
rCold    . . .     Gourm    +   b - +0 shield
rNeg     + + +     Faith    .   (armour currently unavailable)
rPois    +         Spirit   .   (helmet currently unavailable)
rElec    .         Reflect  .   (cloak currently unavailable)
rCorr    .         Harm     .   (gloves unavailable)
MR       .....     NoTele   +   (boots unavailable)
Stlth    +.........             (no amulet)
HPRegen  0.62/turn              (no ring)
MPRegen  0.09/turn              (no ring)

@: lethally poisoned (0 -> 0), tree-form
A: large, unfitting armour, fast metabolism 3, gourmand, regeneration 1
a: no special abilities


You were on level 3 of the Dungeon.
You were not hungry.
You were a tree.
You visited 1 branch of the dungeon, and saw 3 of its levels.

You collected 10 gold pieces.

Inventory:

Armour
 a - a +0 robe (melded)
 b - a +0 shield (worn)
Jewellery
 e - a cursed amulet of inaccuracy {unknown}
Scrolls
 f - 4 scrolls of remove curse {@r2}
 i - a scroll of teleportation {unknown}
 j - a scroll of enchant armour {unknown}
Comestibles
 d - 2 rations
 h - 6 chunks of flesh


   Skills:
 - Level 2.4 Fighting
 - Level 2.4 Dodging
 + Level 3.5 Shields
 * Level 4.8 Unarmed Combat


You had 4 spell levels left.
You didn't know any spells.
Your spell library was empty.

Dungeon Overview and Level Annotations

Branches:
Dungeon (3/15)

Altars:


Innate Abilities, Weirdness & Mutations

You are too large for most types of armour.
((You have claws for hands.))
Your metabolism is lightning-fast.
You like to eat raw meat.
Your natural rate of healing is unusually fast.
((You are covered in fur. (AC +1)))
((You have very tough skin. (AC +2)))


Message History

* * * LOW HITPOINT WARNING * * *
It was a potion of lignification.
You turn into a tree.
Your +0 robe melds into your body.
Your roots penetrate the ground.
The gnoll hits you but does no damage. x3
You smack the gnoll!
You kill the gnoll!
You block the gnoll's attack. The gnoll hits you but does no damage.
Unknown command.
You closely miss the gnoll.
You feel sick.
The gnoll hits you but does no damage. x2
You pummel the gnoll!!
You kill the gnoll!
You feel a little less mighty now. You block the gnoll's attack.
You aren't carrying any items that you can evoke.
Unknown command.
As you read the scroll labeled BYHINW KOAXZE, it crumbles to dust.
You feel blessed for a moment.
It was a scroll of remove curse.
You feel sick.
The gnoll hits you from afar with a spear.
You die...

#. #.....#.. ..
#.<...... .# ###.....<.#
#.# #####........# ..#
######............#
.####.....#............#
.#........#.!.?.g...?..#
...$............))....#
.........$......♣##..##
.........##....(.# ...#
.........#....(.>##.#.#
.......[...©.(.....>#.#
.......#########.......
......##8..(.)8##......
..>...#.........#......
......#.#.....#)#....?.
......#..#...#..#......


You could see a gnoll.

Vanquished Creatures
  The ghost of Oddysee the Shield-Bearer, an amateur FoFi (D:3)
  An adder (D:2)
  2 gnolls (D:3)
  A worm (D:2)
  A dart slug (D:1)
  2 leopard geckos
  5 giant cockroaches
  3 goblins
  2 hobgoblins
  4 jackals (D:2)
  2 bats
  2 frilled lizards (D:2)
  3 kobolds
  A rat (D:2)
30 creatures vanquished.

Notes
Turn   | Place    | Note
-------+----------+-------------------------------------------
     0 | D:1      | iamserjio the Troll Fighter began the quest for the Orb.
     0 | D:1      | Reached XP level 1. HP: 22/22 MP: 0/0
    84 | D:2      | Reached XP level 2. HP: 27/29 MP: 1/1
   173 | D:2      | Reached skill level 3 in Unarmed Combat
   173 | D:2      | Reached XP level 3. HP: 34/36 MP: 2/2
   209 | D:3      | Noticed Oddysee's ghost (amateur FoFi)
   210 | D:3      | Found a transporter.
   238 | D:3      | Found a transporter.
   258 | D:3      | Killed Oddysee's ghost
   258 | D:3      | Reached skill level 4 in Unarmed Combat
   258 | D:3      | Reached XP level 4. HP: 14/44 MP: 3/3
   258 | D:3      | Reached XP level 5. HP: 16/50 MP: 4/4
   301 | D:3      | HP: 2/50 [gnoll/spear (2)]
   306 | D:3      | Slain by a gnoll

Skill      XL: |  1  2  3 |
---------------+----------+-----
Unarmed Combat | 3 4 |  4.8
Shields        | 3 |  3.5
Fighting       | |  2.4
Dodging        | |  2.4

Action                   |  1- 3 |  4- 6 || total
-------------------------+-------+-------++-------
Melee: Unarmed           |    68 |    15 ||    83
  Use: Potion            |     1 |     2 ||     3
       Scroll            |       |     1 ||     1
  Eat: Chunk             |     1 |       ||     1
Armor: Robe              |    27 |     7 ||    34
       Skin              |       |     5 ||     5
Dodge: Dodged            |    21 |     8 ||    29
Block: Shield            |    41 |    16 ||    57
